 Dungeon Crawl Stone Soup version 0.28.0 (webtiles) character file.

Game seed: 5779804368939643389

1772 dolemite99 the Spear-Bearer (level 9, -1/61 HPs)
             Began as a Merfolk Gladiator on Feb 5, 2022.
             Was an Initiate of Dithmenos.
             Succumbed to a hornet's poison
             ... on level 7 of the Dungeon.
             The game lasted 00:10:14 (8158 turns).

dolemite99 the Spear-Bearer (Merfolk Gladiator)     Turns: 8158, Time: 00:10:15

Health: -1/61      AC: 13    Str: 16    XL:     9   Next: 7%
Magic:  9/9        EV:  7    Int:  8    God:    Dithmenos [......]
Gold:   267        SH: 13    Dex: 23    Spells: 8/8 levels left

rFire   . . .      SeeInvis .   a - +0 trident
rCold   . . .      Faith    .   u - +1 kite shield {AC+3}
rNeg    . . .      Spirit   .   s - +0 chain mail
rPois   .          Reflect  .   A - +1 helmet
rElec   .          Harm     .   (no cloak)
rCorr   .          Rampage  .   (no gloves)
Will    .....                   (no boots)
Stlth   ..........              (no amulet)
HPRegen 0.20/turn               r - +6 ring of dexterity
MPRegen 0.11/turn               (no ring)

@: mighty, lethally poisoned (-1 -> -2), slowed, studying Air Magic, very slow
A: (nimble swimmer 2), mertail
a: Renounce Religion


You were on level 7 of the Dungeon.
You worshipped Dithmenos.
Dithmenos was noncommittal.
You visited 2 branches of the dungeon, and saw 8 of its levels.

You collected 286 gold pieces.
You donated 19 gold pieces to Zin.

Inventory:

Hand Weapons
 a - a +0 trident (weapon)
 m - a +0 hunting sling
 q - a +0 great mace
 I - a +0 rapier
Missiles
 d - 3 throwing nets (quivered)
 f - 155 arrows
 g - 113 stones
 j - 7 poisoned darts
 E - 5 boomerangs
Armour
 b - a +0 leather armour
 c - a +1 helmet
 h - a +0 ring mail
 i - a +0 scale mail
 k - the +0 leather armour of Disappointment {Int-2 Dex+5}
   (You found it on level 4 of the Dungeon)

   Int:       It affects your intelligence (-2).
   Dex:       It affects your dexterity (+5).
 s - a +0 chain mail (worn)
 u - a +1 kite shield of protection (worn)
 A - a +1 helmet (worn)
Jewellery
 l - a ring of positive energy
 p - an amulet of magic regeneration
 r - a +6 ring of dexterity (left hand)
 y - a ring of positive energy
 G - a +6 ring of intelligence
 H - a ring of flight
Wands
 t - a wand of paralysis (7)
Scrolls
 e - 2 scrolls of enchant armour
 w - a scroll of vulnerability
 x - 2 scrolls of teleportation
 C - a scroll of brand weapon {unknown}
 F - a scroll of amnesia
Potions
 n - a potion of heal wounds {unknown}
 o - 2 potions of brilliance {unknown}
 v - a potion of resistance {unknown}
 z - a potion of might
 B - a potion of lignification {unknown}
 D - 2 potions of haste {unknown}


   Skills:
 - Level 2.1 Fighting
 + Level 13.3 Polearms
 - Level 2.0 Throwing
 - Level 4.0 Dodging
 - Level 6.8 Shields


You had 8 spell levels left.
You didn't know any spells.
Your spell library contained the following spells:

 Spells                   Type           Power      Damage    Failure   Level
 Slow                     Hex            0%         N/A       100%        1
 Confusing Touch          Hex            0%         N/A       100%        3
 Vampiric Draining        Necr           0%         2d6       100%        3


Dungeon Overview and Level Annotations

Branches:
Dungeon (7/15)             Temple (1/1) D:6

Altars:
Cheibriados
Dithmenos
Elyvilon
Fedhas
Hepliaklqana
Makhleb
Nemelex Xobeh
Okawaru
Qazlal
Ru
Sif Muna
Uskayaw
Vehumet
Wu Jian
Xom
Yredelemnul
Zin
The Shining One

Annotations:
D:2 1 runed translucent door, Crazy Yiuf, Sigmund
D:3 2 transporters


Innate Abilities, Weirdness & Mutations

((You are very nimble when in or above water. (Stealth+, EV+, Speed+++)))
Your lower body shifts to a powerful aquatic tail in water.


Message History

The centaur kicks you but does no damage.
You impale the centaur!!
You kill the centaur!
Dithmenos accepts your kill.
You puncture the hornet!
The hornet is moderately wounded.
The hornet stings you but does no damage.
You puncture the hornet!
The hornet is heavily wounded.
The hornet stings you.
You are poisoned.
You feel yourself slow down. You block the hornet's attack.
You hit the hornet.
The hornet is heavily wounded.
You feel very sick. The hornet stings you!
You feel as though you will be slow longer.
You puncture the hornet!
The hornet is almost dead.
You feel sick. You block the hornet's attack. x2
You barely miss the hornet.
The hornet is almost dead.
You feel sick. The hornet stings you.
You suddenly lose the ability to move!
The hornet stings you but does no damage.
You feel sick.
The hornet stings you but does no damage.
The hornet stings you!
You feel as though you will be slow longer.
You feel sick. The hornet stings you!
* * * LOW HITPOINT WARNING * * *
You feel as though you will be slow longer.
You can move again.
You closely miss the hornet.
The hornet is almost dead.
You feel sick. You block the hornet's attack. The hornet stings you!
* * * LOW HITPOINT WARNING * * *
You shrug off the repeated paralysis!
You barely miss the hornet.
The hornet is almost dead.
You die...

####......#
#.#
....########
###.#
....'.......
#...#
....########
#.#.# ....#
#...# ....#
###.# #'###
#.# ..# #.#
### #@# #y#
#......#
########


You could see a hornet.

Vanquished Creatures
  Grinder (D:3)
  Eustachio (D:6)
  A water moccasin (D:6)
  An orc warrior (D:5)
  An ice beast (D:5)
  A sky beast (D:7)
  An ogre (D:5)
  4 centaurs
  2 centaur zombies
  A hound (D:6)
  3 orc priests (D:7)
  A jelly (D:4)
  4 iguanas
  An orc wizard (D:5)
  A scorpion zombie (D:5)
  2 hound zombies (D:5)
  Robin (D:2)
  14 adders
  A shadow imp (D:5)
  2 worms
  A dart slug (D:2)
  11 orcs
  3 endoplasms
  3 giant cockroaches
  14 goblins
  7 hobgoblins
  5 jackals
  A quokka (D:4)
  7 ball pythons
  5 bats
  2 frilled lizards
  3 kobolds
  4 rats
110 creatures vanquished.

Vanquished Creatures (collateral kills)
  A hobgoblin (D:2)
1 creature vanquished.

Grand Total: 111 creatures vanquished

Notes
Turn   | Place    | Note
-------+----------+-------------------------------------------
     0 | D:1      | dolemite99 the Merfolk Gladiator began the quest for the
                  | Orb.
     0 | D:1      | Reached XP level 1. HP: 16/16 MP: 1/1
   323 | D:1      | Reached skill level 5 in Polearms
   324 | D:1      | Reached XP level 2. HP: 21/22 MP: 2/2
  1141 | D:2      | Found a faded altar of an unknown god.
  1152 | D:2      | Prayed at the altar of an unknown god.
  1152 | D:2      | Became a worshipper of Zin the Law-Giver
  1152 | D:2      | Reached * piety under Zin
  1209 | D:2      | Noticed Robin
  1215 | D:2      | Killed Robin
  1216 | D:2      | Reached skill level 6 in Polearms
  1216 | D:2      | Reached XP level 3. HP: 17/27 MP: 3/3
  1863 | D:2      | Reached skill level 7 in Polearms
  1863 | D:2      | Reached XP level 4. HP: 33/33 MP: 4/4
  1937 | D:2      | Noticed Sigmund
  2059 | D:3      | Found a stormy altar of Qazlal.
  2094 | D:3      | Found a transporter.
  2102 | D:3      | Found a transporter.
  2279 | D:2      | Reached skill level 8 in Polearms
  2282 | D:2      | Reached XP level 5. HP: 38/38 MP: 5/5
  2401 | D:2      | Found a runed translucent door.
  2402 | D:2      | Noticed Crazy Yiuf
  2522 | D:2      | Reached ** piety under Zin
  2674 | D:2      | You fall into a shaft and drop 2 floors!
  2962 | D:3      | Noticed Grinder
  2979 | D:3      | Killed Grinder
  2980 | D:3      | Reached skill level 10 in Polearms
  2980 | D:3      | Reached XP level 6. HP: 44/44 MP: 6/6
  3397 | D:4      | Identified the +0 leather armour of Disappointment {Int-2
                  | Dex+5}
  3808 | D:4      | Reached *** piety under Zin
  3855 | D:4      | Reached skill level 1 in Shields
  4043 | D:4      | Reached XP level 7. HP: 46/50 MP: 7/7
  4312 | D:5      | Entered Level 5 of the Dungeon
  5076 | D:5      | Reached skill level 5 in Shields
  5653 | D:6      | Reached XP level 8. HP: 56/56 MP: 8/8
  5678 | D:6      | Found a staircase to the Ecumenical Temple.
  5691 | Temple   | Entered the Ecumenical Temple
  5806 | Temple   | Fell from the grace of Zin
  5806 | Temple   | Became a worshipper of Dithmenos the Shadowed
  6280 | D:6      | Noticed Eustachio
  6319 | D:6      | Killed Eustachio
  6320 | D:6      | Reached skill level 11 in Polearms
  7344 | D:6      | Reached skill level 12 in Polearms
  7990 | D:7      | Reached XP level 9. HP: 61/61 MP: 9/9
  8048 | D:7      | Reached skill level 13 in Polearms
  8141 | D:7      | Noticed a hornet
  8154 | D:7      | Paralysed by a hornet for 3 turns
  8157 | D:7      | HP: 1/61 [hornet (13)]
  8158 | D:7      | Succumbed to a hornet's poison

Illustrated notes

Levels and vault maps discovered:
D:1:      lemuel_arrival_behind_the_door_large, layout_basic, dk_noncrumbling_3,
          minivault_27
D:2:      layout_loops_ring, basic_ecumenical_altar, uniq_sigmund, uniq_robin,
          uniq_crazy_yiuf_cottage
D:3:      gammafunk_wand_slinger, layout_loops_cross, grunt_qazlal_clouds,
          roderic_three_in_a_row, uniq_grinder
D:4:      layout_cave_pods
D:5:      layout_rooms
D:6:      cheibrodos_iron_armory, layout_cave_pools,
          minmay_temple_entry_purple_smoke, chequers_jeans, minmay_manual_mares,
          uniq_eustachio
D:7:      layout_basic, serial_shops, nicolae_shop_trees
Temple:   mainiacjoe_temple_archimedes_tessellation

Skill      XL: |  1  2  3  4  5  6  7  8  9 |
---------------+----------------------------+-----
Polearms       | 5 6 7 8 10 12 13 | 13.3
Shields        | 2 5 6 |  6.8
Fighting       | |  2.1
Throwing       | |  2.0
Dodging        | |  4.0

Action                   |  1- 3 |  4- 6 |  7- 9 || total
-------------------------+-------+-------+-------++-------
Melee: Trident           |    73 |   175 |   239 ||   487
       Punch             |       |     3 |       ||     3
Evoke: Wand              |       |       |     6 ||     6
  Use: Scroll            |       |     9 |     2 ||    11
       Potion            |       |     1 |     2 ||     3
Armor: Ring mail         |     3 |       |       ||     3
       Leather armour    |     2 |       |       ||     2
       Scale mail        |    29 |    35 |       ||    64
       Chain mail        |       |    54 |   168 ||   222
Dodge: Dodged            |    28 |    75 |    84 ||   187
Block: Kite shield       |       |    23 |   184 ||   207
